 Seeded DCSS version 0.31-a0-102-g33a4ccc0cb (webtiles) character file.

Game seed: 17553349573891074639 (custom seed)

32 edwardauron the Digger (level 3, 21/21 HPs)
             Began as an Octopode Earth Elementalist on May 27, 2023.
             Got out of the dungeon alive.
             The game lasted 00:02:28 (1098 turns).

edwardauron the Digger (OpEE)                       Turns: 1098, Time: 00:02:29

Health: 21/21      AC:  1    Str:  7    XL:     3   Next: 25%
Magic:  6/6        EV: 13    Int: 19    God:
Gold:   1218       SH:  0    Dex: 12    Spells: 6/7 levels left

rFire   . . .        (no weapon)
rCold   . . .        (no shield)
rNeg    . . .        (helmet restricted)
rPois   +            (no amulet)
rElec   +            h - ring "Cizyucy" {rElec rPois Will+}
rCorr   .            (no ring)
SInv    .            (no ring)
Will    +....        (no ring)
Stlth   +++          (no ring)
HPRegen 0.23/turn    (no ring)
MPRegen 0.10/turn    (no ring)
                     (no ring)

%: no passive effects
@: fire susceptible
A: almost no armour, amphibious, 8 rings, camouflage 1, gelatinous body 1,
(nimble swimmer 1), tentacles
a: no special abilities


You escaped.
You visited 1 branch of the dungeon, and saw 2 of its levels.

You collected 1218 gold pieces.

Inventory:

Jewellery
 h - the ring "Cizyucy" (left tentacle) {rElec rPois Will+}
   (You acquired it on level 1 of the Dungeon)

   [ring of willpower]

   rElec:     It insulates you from electricity.
   rPois:     It protects you from poison.
   Will:      It increases your willpower.
Scrolls
 b - a scroll of silence {unknown}
 d - a scroll of enchant armour {unknown}
 e - a scroll of fear {unknown}
 f - a scroll of identify {unknown}
Potions
 a - a potion of magic
 c - a potion of brilliance {unknown}


   Skills:
 - Level 2.0 Dodging
 - Level 2.6 Stealth
 + Level 2.5 Spellcasting
 - Level 1.0 Transmutations
 * Level 3.9 Earth Magic


You had 6 spell levels left.
You knew the following spells:

 Your Spells              Type           Power      Damage    Failure   Level
a - Sandblast             Erth           34%        2d9       3%          1

Your spell library contained the following spells:

 Spells                   Type           Power      Damage    Failure   Level
 Passwall                 Tmut/Erth      8%         N/A       10%         2
 Lesser Beckoning         Tloc           4%         N/A       24%         2
 Stone Arrow              Conj/Erth      16%        3d8       24%         3
 Gell's Gravitas          Tloc           2%         N/A       43%         3
 Teleport Other           Tloc           2%         N/A       43%         3
 Petrify                  Tmut/Erth      10%        N/A       54%         4
 Lehudib's Crystal Spear  Conj/Erth      4%         10d3      100%        8
 Animate Armour           Summ/Erth      Unusable   N/A       N/A         4

Dungeon Overview and Level Annotations

Branches:
Dungeon (2/15)

Altars:
Ignis


Innate Abilities, Weirdness & Mutations

You cannot wear most types of armour.
You are amphibious.
You can wear up to eight rings at the same time.
Your skin changes colour to match your surroundings (Stealth+).
Your rubbery body absorbs attacks. (AC +1, EV +1)
((You are camouflaged when in or above water. (Stealth+)))
You have tentacles for arms and can constrict up to eight enemies at once.


Message History

f - a scroll labelled IMPEFE SYHAGG You see here 4 stones.
You can't see any susceptible monsters within range! (Use Z to cast anyway.)
g - 3 scrolls labelled GUGEXE FYGEPN You open the door.
There is an open door here.
There is an open door here.
You open the door.
There is an open door here.
There is an escape hatch in the floor here.
There is an open door here.
There is an open door here.
As you open the large door, it creaks loudly!
There is a large open door here.
There is a large open door here.
There is an open door here.
Done exploring.
Done exploring.
Done exploring.
This is a scroll of acquirement!
Something appears before you!
h - the ring "Cizyucy" {rElec rPois Will+}
h - the ring "Cizyucy" (left tentacle) {rElec rPois Will+} You see here a book of Armaments.
Something appears before you!
You pick up a book of Armaments and begin reading...
You add the spell Lehudib's Crystal Spear to your library.
Something appears before you!
You now have 1218 gold pieces (gained 1186).
(D) Dungeon
Where to? (? - help)
What level of the Dungeon? (default 1, ? - help)
There is an open door here.
There is a large open door here.
There is a large open door here.
There is an open door here.
You see here a +0 club.
There is an open door here.
There is a staircase leading out of the dungeon here.
Are you sure you want to leave the Dungeon?
This will make you lose the game!
You have escaped!

### ##@## ###...###
#############Z#...#Z#
###
......#....####...###
#..
#####.#....##Z#...#Z#
#..
...##......####...###
##..
...####....##Z#...#^#
#...
...####....####..####
#...
####.....#.##Z#..#Z#
#...


You could see a demonspawn skeleton and an elf skeleton.

Vanquished Creatures
  2 bats (D:1)
  2 endoplasms (D:1)
  7 goblins (D:1)
  3 hobgoblins (D:1)
  2 quokkas (D:1)
  4 ball pythons (D:1)
  3 frilled lizards (D:1)
  3 kobolds (D:1)
  3 rats (D:1)
29 creatures vanquished.

Notes
Turn   | Place    | Note
-------+----------+-------------------------------------------
     0 | D:1      | edwardauron the Octopode Earth Elementalist began the quest
                  | for the Orb.
     0 | D:1      | Reached XP level 1. HP: 11/11 MP: 3/3
    13 | D:1      | Noticed a minotaur skeleton
   106 | D:1      | Reached XP level 2. HP: 17/17 MP: 3/5
   147 | D:1      | You fall into a shaft and drop 1 floor!
   512 | D:1      | Reached XP level 3. HP: 21/21 MP: 1/6
   589 | D:1      | Found a faded altar of an unknown god.
   631 | D:1      | Prayed at the altar of an unknown god.
   631 | D:1      | Became a worshipper of Ignis, the Dying Flame
   665 | D:1      | Fell from the grace of Ignis
  1039 | D:1      | Identified 3 scrolls of acquirement
  1039 | D:1      | Acquired the ring "Cizyucy" {rElec rPois Will+}
  1042 | D:1      | Acquired a book of Armaments
  1044 | D:1      | Acquired 1186 gold pieces
  1098 | D:$      | Got out of the dungeon alive.

Illustrated notes

Levels and vault maps discovered:
D:1:      shiori_arrival_whats_in_store_for_you, layout_basic,
          nicolae_ecumenical_snake_handling, minivault_11
D:2:      layout_rooms, dreamdust_mushroom_princess, columned_hall_lemuel,
          serial_park_tiny_1, minmay_domino_4

Action                     || total
---------------------------++-------
  Melee: Unarmed           ||    17
         Constrict         ||     5
         Tentacles         ||     5
   Cast: Sandblast         ||    30
 Invoke: Renounce Religion ||     1
    Use: Scroll            ||     3
 Armour: Skin              ||     5
  Dodge: Dodged            ||    29

Table legend: (Time is in decaauts)
 A = Elapsed time spent in this place.
 B = Non-inter-level travel time spent in this place.
 C = Inter-level travel time spent in this place.
 D = Time resting spent in this place.
 E = Time spent auto-exploring this place.
 F = Levels seen in this place.
 G = Mean time per level.
                   A        B        C        D        E       F      G
               +--------+--------+--------+--------+--------+-----+--------+
         Total |   1112 |   1061 |     51 |    302 |    581 |   2 |  556.0 |
       Dungeon |   1112 |   1061 |     51 |    302 |    581 |   2 |  556.0 |
               +--------+--------+--------+--------+--------+-----+--------+

Top non-repeatable levels by time:
     D:1: 1109 daAuts
     D:2: 2 daAuts
